Map: [ESL] Ghost River

Players

FoxeR

  • Race: Terran Terran
  • Spawn Location: 1:00

Erik - Winner!

  • Race: Zerg Zerg
  • Spawn Location: 11:00

Event: ESL SC2 Masters 2024 Spring (Regional)

VOD

Have the link to the VOD?

Description

Time

  • Played on: April 14, 2024, 3:45 p.m.
  • Length: 15:33

All games in this series

Show
View Real Time Build Order
Export as new Build Order

FoxeR Terran 

Build Orders: Cyclone Opening, Reaper Expand 

Get SALT Encoding   

  12  0:00  SCV  
  13  0:12  SCV  
  14  0:18  Supply Depot  
  14  0:24  SCV  
  15  0:39  SCV  
  15  0:40  Barracks  
  16  0:43  Refinery  
  16  0:51  SCV  
  17  1:04  SCV  
  18  1:16  SCV  
  19  1:27  Reaper  
  19  1:28  Orbital Command  
  20  1:39  Command Center  
  20  1:46  Supply Depot  
  20  1:53  SCV  
  21  1:59  Marine  
  22  2:05  SCV  
  23  2:09  Factory  
  23  2:16  Marine  
  23  2:17  SCV  
  24  2:31  SCV  
  24  2:36  Barracks Reactor  
  25  2:40  Bunker  
  25  2:49  SCV  
  26  2:54  Command Center  
  26  2:59  Cyclone  
  26  3:04  Orbital Command  
  28  3:09  SCV  
  29  3:13  Marine x2  
  31  3:21  SCV, Barracks  
  32  3:33  SCV, Factory Tech Lab, Marine x2  
  35  3:35  SCV  
  36  3:45  SCV  
  36  3:47  SCV  
  38  3:48  Refinery  
  38  3:55  Marine  
  39  3:57  SCV  
  39  3:59  SCV  
  41  4:06  SCV  
  41  4:09  SCV  
  42  4:10  Starport  
  42  4:12  SCV  
  42  4:14  Marine x2  
  45  4:20  Orbital Command  
  45  4:24  SCV  
  45  4:26  Factory Reactor  
  45  4:27  SCV  
  47  4:33  Marine x2  
  47  4:36  SCV  
  50  4:40  Marine  
  50  4:41  Stimpack  
  50  4:42  SCV  
  52  4:47  SCV  
  52  4:48  SCV  
  52  4:50  Refinery  
  52  4:52  Supply Depot  
  54  4:54  SCV  
  54  4:56  Marine  
  54  4:59  SCV  
  57  5:00  SCV  
  57  5:02  Marine  
  57  5:04  Refinery  
  57  5:06  SCV  
  61  5:11  SCV  
  61  5:13  SCV, Medivac  
  64  5:14  Factory Tech Lab  
  64  5:18  SCV  
  64  5:20  Orbital Command  
  64  5:22  Marine x3  
  64  5:23  Medivac  
  69  5:33  Supply Depot x2  
  69  5:40  Engineering Bay  
  69  5:43  Engineering Bay  
  69  5:50  SCV x3, Siege Tank, Marine x2  
  69  5:53  Supply Depot  
  69  5:54  Marine  
  78  6:03  SCV  
  79  6:05  SCV  
  79  6:08  Barracks, Marine x2  
  79  6:10  Barracks  
  81  6:12  Marine  
  81  6:13  Terran Infantry Weapons Level 1  
  81  6:16  Missile Turret  
  81  6:26  SCV x3, Marine x2  
  81  6:28  Terran Infantry Armor Level 1  
  81  6:30  Marine  
  87  6:36  Supply Depot  
  87  6:37  Siege Tank, Supply Depot  
  87  6:38  Starport Reactor  
  90  6:43  Combat Shield  
  90  6:47  SCV, Barracks  
  90  6:49  SCV  
  90  6:54  Marine, Orbital Command  
  91  6:55  Marine x2  
  91  6:58  Marine x2  
  97  7:06  SCV  
  97  7:08  Supply Depot  
  97  7:09  Siege Tank  
  97  7:10  Barracks Reactor  
  97  7:13  SCV  
  101  7:20  SCV  
  101  7:21  Marine x5  
  101  7:22  Orbital Command  
  89  7:30  SCV  
  90  7:38  Marine  
  90  7:39  Marine x5  
  90  7:45  SCV  
  90  7:47  Marine x2  
  90  7:49  SCV x2  
  95  7:53  Siege Tank  
  95  7:54  Sensor Tower  
  95  7:56  Armory  
  95  7:57  SCV, Marine x2  
  102  8:00  Supply Depot, Marine  
  102  8:01  SCV, Marine  
  102  8:02  Barracks Reactor  
  102  8:03  Missile Turret  
  103  8:07  Supply Depot  
  103  8:09  SCV x2, Marine  
  103  8:10  Sensor Tower  
  106  8:14  SCV  
  106  8:16  Marine  
  106  8:17  Marine  
  106  8:19  Marine x2  
  109  8:21  SCV  
  109  8:22  SCV  
  109  8:25  Siege Tank, Marine x2  
  109  8:27  Supply Depot, Marine  
  116  8:30  Medivac  
  116  8:31  Medivac  
  121  8:37  Marine  
  121  8:38  Marine  
  121  8:40  Marine  
  121  8:41  Marine x2  
  126  8:42  SCV x2  
  126  8:43  Supply Depot  
  128  8:53  SCV, Supply Depot x2  
  128  8:54  Marine  
  125  8:57  Marine  
  125  8:59  Terran Vehicle Weapons Level 1  
  125  9:00  Siege Tank  
  125  9:01  SCV  
  122  9:03  Terran Infantry Weapons Level 2, Terran Infantry Armor Level 2  
  122  9:05  Marine  
  122  9:06  Marine  
  124  9:11  Supply Depot x2, Marine x2  
  124  9:14  Marine  
  127  9:17  Missile Turret  
  127  9:18  SCV  
  128  9:24  Marine  
  128  9:29  Marine x7  
  136  9:31  Orbital Command  
  136  9:32  Marine  
  136  9:36  Siege Tank  
  137  9:42  Marine  
  106  9:46  Marine  
  106  9:47  Marine  
  106  9:51  SCV  
  92  9:55  SCV  
  92  9:57  SCV  
  92  9:58  Marine  
  92  9:59  Marine  
  96  10:04  SCV  
  96  10:05  Marine  
  98  10:08  SCV, Siege Tank  
  98  10:09  Marine  
  98  10:14  SCV  
  104  10:15  Medivac x2  
  104  10:17  SCV  
  109  10:22  Marine  
  109  10:23  Marine x3  
  109  10:27  Missile Turret  
  113  10:29  Marine  
  113  10:30  Marine x4  
  113  10:33  SCV  
  113  10:34  SCV  
  113  10:35  SCV  
  121  10:45  Command Center  
  121  10:54  Missile Turret  
  121  10:55  Marine x8  
  129  10:59  Siege Tank  
  133  11:08  Factory  
  132  11:12  SCV x3, Terran Vehicle Weapons Level 2  
  132  11:13  Marine x2  
  137  11:20  Marine x4  
  137  11:25  Supply Depot  
  141  11:28  Marine x2  
  141  11:31  Marine x2  
  146  11:36  Supply Depot  
  146  11:38  Supply Depot, Marine, Viking x2  
  146  11:39  Siege Tank, Supply Depot  
  153  11:41  Marine  
  153  11:45  Bunker  
  152  11:51  Marine x7  
  145  11:55  Marine  
  145  11:59  Marine  
  145  12:03  Siege Tank  
  138  12:09  Marine x5  
  138  12:10  Marine x2  
  138  12:13  Marine  
  142  12:16  Marine  
  142  12:17  Terran Infantry Weapons Level 3  
  143  12:26  Siege Tank  
  143  12:27  Marine x2  
  143  12:28  Marine  
  132  12:34  Marine  
  132  12:35  Siege Tank, Marine  
  116  12:39  SCV x2  
  119  12:44  SCV  
  119  12:47  Marine x5  
  119  12:51  SCV  
  125  12:53  SCV  
  125  12:56  SCV  
  127  13:00  Siege Tank  
  127  13:03  SCV, Marine x2  
  133  13:07  SCV  
  133  13:08  SCV  
  135  13:17  Siege Tank  
  135  13:18  Viking  
  140  13:22  Marine, Viking  
  140  13:25  Supply Depot, Marine  
  144  13:27  Marine x2  
  145  13:37  Marine x2  
  145  13:39  Marine x3  
  145  13:40  Marine  
  141  13:43  Marine  
  141  13:45  Marine x2  
  141  13:46  Siege Tank  
  143  13:53  Siege Tank  
  143  13:54  Marine  
  143  13:55  Marine  
  111  14:08  Marine  
  111  14:09  Marine  
  108  14:14  SCV x2  
  107  14:17  SCV  
  107  14:18  Viking  
  107  14:19  Siege Tank  
  108  14:25  Siege Tank, Orbital Command  
  108  14:26  SCV x2  
  108  14:27  Marine  
  109  14:38  SCV x2  
  99  14:45  Marine  
  82  14:49  Marine x2  
  66  15:10  Marine  
  66  15:12  Marine  
Show
View Real Time Build Order
Export as new Build Order

Erik Zerg - Winner!

Build Orders: Pool First 

Get SALT Encoding   

  12  0:00  Drone  
  13  0:08  Drone  
  14  0:15  Drone, Extractor  
  15  0:25  Overlord  
  15  0:36  Spawning Pool  
  14  0:43  Drone x2  
  14  0:47  Drone  
  17  0:55  Drone  
  17  0:56  Extractor  
  17  1:13  Hatchery  
  16  1:23  Queen  
  18  1:27  Zergling x2  
  18  1:31  Zergling x2  
  20  1:36  Drone  
  20  1:39  Drone  
  22  1:56  Roach Warren  
  22  1:59  Burrow  
  21  2:05  Overlord  
  21  2:10  Drone  
  22  2:31  Drone  
  22  2:34  Drone x2  
  22  2:36  Roach x3  
  31  2:41  Roach  
  33  2:49  Overlord  
  33  2:52  Drone  
  33  2:54  Drone  
  35  3:07  Drone, Queen  
  35  3:11  Drone x2  
  40  3:15  Drone  
  40  3:17  Drone  
  42  3:22  Drone x2  
  44  3:28  Overlord  
  44  3:40  Roach  
  42  3:44  Roach, Drone x2  
  42  3:47  Drone x4  
  42  3:48  Drone  
  48  3:51  Roach x2  
  48  3:56  Roach  
  48  3:57  Roach, Drone  
  48  4:00  Drone  
  50  4:05  Drone  
  50  4:09  Drone  
  52  4:11  Roach  
  52  4:14  Drone  
  51  4:21  Lair, Extractor  
  51  4:22  Overlord, Extractor  
  51  4:24  Roach  
  47  4:26  Overlord  
  47  4:28  Drone x5  
  47  4:29  Extractor  
  51  4:31  Hatchery  
  51  4:37  Overlord  
  51  4:38  Evolution Chamber x2  
  49  4:39  Queen  
  49  4:45  Roach x2  
  52  4:54  Drone  
  52  4:56  Drone x2  
  52  4:58  Roach  
  52  4:59  Roach x3  
  63  5:05  Zerg Missile Weapons Level 1  
  63  5:08  Zerg Ground Armor Level 1  
  63  5:19  Glial Reconstitution  
  63  5:21  Overlord  
  63  5:25  Roach  
  63  5:26  Roach x3  
  71  5:29  Drone  
  71  5:31  Spore Crawler, Drone  
  71  5:32  Spore Crawler  
  71  5:38  Drone x3  
  71  5:42  Drone x2  
  76  5:51  Queen  
  76  5:52  Spore Crawler  
  76  5:53  Overlord  
  76  5:55  Ravager x3  
  80  6:02  Roach x3  
  86  6:09  Drone x4  
  90  6:14  Overlord  
  90  6:16  Overlord  
  90  6:17  Overseer  
  90  6:23  Drone x4  
  94  6:34  Drone x8  
  94  6:37  Extractor x2  
  100  6:45  Overlord  
  100  6:46  Overlord  
  100  6:48  Roach x3  
  106  6:57  Overlord  
  106  7:02  Overlord x2  
  106  7:03  Zerg Missile Weapons Level 2, Zerg Ground Armor Level 2  
  106  7:08  Infestation Pit  
  106  7:11  Overlord  
  106  7:15  Overlord  
  105  7:17  Roach x3  
  97  7:30  Roach  
  97  7:31  Roach x7  
  105  7:44  Roach  
  105  7:45  Roach x2  
  105  7:47  Ravager x3  
  105  7:49  Drone  
  113  7:55  Infestor  
  113  7:56  Infestor  
  117  7:58  Drone, Hatchery  
  117  8:07  Drone x2  
  117  8:08  Drone  
  120  8:18  Roach  
  120  8:19  Roach x2  
  126  8:22  Hive  
  126  8:25  Overlord  
  126  8:26  Zergling x2  
  127  8:27  Roach x7  
  127  8:29  Ravager  
  142  8:37  Roach x2  
  146  8:44  Roach x2  
  144  8:52  Roach  
  144  8:53  Roach x11  
  168  8:59  Overlord  
  168  9:00  Overlord  
  164  9:06  Overlord, Infestor  
  158  9:11  Roach x2  
  158  9:14  Drone x3  
  161  9:17  Queen  
  161  9:22  Metabolic Boost  
  161  9:23  Zergling x2  
  161  9:24  Zergling x20  
  174  9:28  Zergling x2  
  175  9:42  Roach  
  175  9:43  Roach x6  
  150  9:49  Roach  
  150  9:50  Roach x4  
  139  9:57  Extractor  
  139  9:58  Spore Crawler  
  139  9:59  Extractor  
  134  10:03  Viper  
  134  10:04  Viper  
  134  10:06  Ravager x6  
  142  10:08  Roach x2  
  142  10:10  Drone x3  
  142  10:11  Drone x2  
  151  10:14  Zergling x2  
  151  10:15  Zergling x2  
  151  10:17  Spore Crawler x2  
  151  10:23  Zerg Melee Weapons Level 1, Baneling Nest  
  151  10:26  Zergling x18  
  159  10:28  Drone x4  
  159  10:29  Drone  
  164  10:37  Zerg Ground Armor Level 3  
  164  10:42  Overlord  
  164  10:45  Zergling x10  
  169  10:59  Overlord  
  169  11:00  Spine Crawler  
  169  11:01  Spine Crawler, Drone x3  
  169  11:03  Spine Crawler  
  169  11:07  Centrifugal Hooks  
  169  11:10  Roach x6  
  181  11:23  Infestor x2  
  182  11:35  Roach x8  
  186  11:53  Zergling x24  
  171  12:08  Hatchery  
  171  12:13  Roach  
  171  12:14  Roach x10  
  164  12:33  Infestor x2  
  139  12:38  Roach x9  
  154  12:44  Zerg Melee Weapons Level 2  
  154  12:46  Zergling x10  
  154  12:48  Ravager  
  154  12:49  Ravager  
  154  12:50  Viper x2  
  167  13:01  Zergling x4  
  167  13:02  Zergling x4  
  167  13:03  Adrenal Glands  
  171  13:12  Ravager x2  
  173  13:14  Zergling x16  
  181  13:25  Drone  
  182  13:36  Spore Crawler x2  
  182  13:40  Zergling x2  
  182  13:41  Zergling x26  
  180  13:58  Roach x10  
  141  14:33  Roach x14  
  141  14:34  Roach x7  
  171  14:43  Zergling x10  
  159  14:54  Zergling x10  
  159  14:59  Roach  
  161  15:03  Zergling x2  
  157  15:13  Roach x6  
  159  15:16  Ravager  
Tags
 
Add a new tag
Caveats
  • Supply blocks, unpowered buildings, or Contaminate may cause inaccurate times.
  • Supply counts are checked every 10 seconds.